 Dungeon Crawl Stone Soup version 0.29.0-4-gdea44cf6ec (webtiles) character file.

Game seed: 5453847984715394036

7857 qw the Grappler (level 11, 0/105 HPs)
             Began as a Troll Cinder Acolyte on Aug 31, 2022.
             Was a Believer of Ignis.
             Slain by a blink frog (4 damage)
             ... on level 1 of the Lair of Beasts.
             The game lasted 00:04:04 (7040 turns).

qw the Grappler (Troll Cinder Acolyte)              Turns: 7040, Time: 00:04:05

Health: 0/105      AC: 15    Str: 30    XL:     11   Next: 2%
Magic:  11/11      EV:  9    Int: 10    God:    Ignis [**....]
Gold:   315        SH:  0    Dex:  5    Spells: 12/12 levels left

rFire   + + .      SeeInvis .     - Unarmed
rCold   . . .      Faith    .   (no shield)
rNeg    + . .      Spirit   .   j - +3 robe "Bisu Pown" {rF+}
rPois   .          Reflect  .   (helmet restricted)
rElec   .          Harm     .   f - +0 cloak
rCorr   .          Rampage  .   (gloves unavailable)
Will    +....                   (boots unavailable)
Stlth   +.........              (no amulet)
HPRegen 1.07/turn               b - ring of positive energy
MPRegen 0.12/turn               l - ring of Laraalosk {Will+ Str+2}

@: lethally poisoned (0 -> -12), about to teleport, fiery-armoured
A: large, unfitting armour, claws 3, regeneration 1, shaggy fur 1, tough skin 1
a: Renounce Religion, Fiery Armour, Foxfire Swarm, Rising Flame


You were on level 1 of the Lair of Beasts.
You worshipped Ignis.
Ignis was pleased with you.
You visited 2 branches of the dungeon, and saw 9 of its levels.

You collected 315 gold pieces.


Innate Abilities, Weirdness & Mutations

You are too large for most types of armour.
You have claws for hands.
Your natural rate of healing is unusually fast.
You are covered in fur. (AC +1)
You have tough skin. (AC +1)


   Skills:
 - Level 6.1 Fighting
 - Level 5.1 Throwing
 - Level 1.2 Armour
 - Level 1.5 Dodging
 + Level 14.4 Unarmed Combat
 - Level 1.0 Spellcasting
 - Level 2.1 Fire Magic


You had 12 spell levels left.
You didn't know any spells.
Your spell library contained the following spells:

 Spells                   Type           Power      Damage    Failure   Level
 Scorch                   Fire           8%         2d5       22%         2

Inventory:

Missiles
 k - 4 boomerangs (quivered)
Armour
 f - a +0 cloak (worn)
 j - the +3 robe "Bisu Pown" (worn) {rF+}
   (You found it on level 4 of the Dungeon)

   rF:        It protects you from fire.
Jewellery
 b - a ring of positive energy (left claw)
 l - the ring of Laraalosk (right claw) {Will+ Str+2}
   (You found it on level 8 of the Dungeon)

   [ring of willpower]

   Str:       It affects your strength (+2).
   Will:      It increases your willpower.
Scrolls
 h - a scroll of identify
 i - a scroll of enchant weapon
 m - a scroll of poison {unknown}
Potions
 a - 2 potions of curing
 c - 3 potions of might
 d - a potion of resistance
 e - 2 potions of haste
 g - a potion of cancellation

Dungeon Overview and Level Annotations

Branches:
Dungeon (8/15)             Temple (0/1) D:6            Lair (1/5) D:8

Altars:
Dithmenos
Gozag
Kikubaaqudgha
Okawaru
Ru
Uskayaw
Vehumet
Yredelemnul
The Shining One

Shops:
D:8 (

Annotations:
D:7 2 transporters
D:8 1 runed translucent door, qw's ghost, novice TrCA


Message History

The cane toad is burned by your cloak of flames.
The cane toad is moderately wounded.
The blink frog blinks!
The cane toad stings you but does no damage.
The cane toad is burned by your cloak of flames.
The cane toad is moderately wounded.
You see here a wolf corpse.
7037 ||| Stepping ~*~*~tactically~*~*~ (outnumbered).
The cane toad attacks as you move away! The cane toad closely misses you.
You feel sick. The wolf closely misses you. The wolf bites you.
The wolf is burned by your cloak of flames.
The wolf is lightly wounded.
The blink frog barely misses you.
7038 ||| READING scroll of teleportation.
As you read the scroll of teleportation, it crumbles to dust.
You feel strangely unstable.
You feel sick. The wolf closely misses you. The cane toad stings you.
The cane toad is burned by your cloak of flames.
The cane toad is heavily wounded.
The blink frog completely misses you.
The boulder beetle leaps!
The wolf bites you.
The wolf is burned by your cloak of flames.
The wolf is moderately wounded.
You claw the cane toad!
The cane toad is almost dead.
The blink frog hits you but does no damage.
The blink frog is burned by your cloak of flames.
The blink frog is heavily wounded.
The wolf completely misses you. The cane toad stings you!
You are lethally poisoned!
The cane toad poisons you!
The cane toad is burned by your cloak of flames.
The cane toad is almost dead.
The blink frog hits you but does no damage.
The blink frog is burned by your cloak of flames.
The blink frog is moderately wounded.
7040 ||| Stepping ~*~*~tactically~*~*~ (outnumbered).
The blink frog attacks as you move away!
The blink frog hits you.
You die...

....................#...
................B........
...................#.#.....
.....................#.}...
....................[......
.................0.#.....
....................#...
################.h..#.#+.##
#.@#.#..ยค...#
##FFF#%.###^.
#..h.F........
#}.>.....!}...
#.........$...
##.}.##..#..#. #####
#.....# #.+#.# .. ..


You could see a boulder beetle, a cane toad, 3 blink frogs and 2 wolves.

Vanquished Creatures
  Erica (D:8)
  A rime drake (Lair:1)
  A cane toad (Lair:1)
  A polar bear (Lair:1)
  Grinder (D:5)
  4 blink frogs (Lair:1)
  A yak (D:8)
  Eustachio (D:6)
  2 steam dragons
  Menkaure (D:6)
  4 water moccasins
  A sky beast (D:6)
  3 orc warriors (D:8)
  A black bear (D:7)
  2 ogres
  2 centaurs (D:6)
  21 wolves (Lair:1)
  2 phantoms
  2 necrophages
  5 bullfrogs
  2 scorpions
  5 wights (D:8)
  9 killer bees
  2 jellies
  A hound (D:5)
  3 iguanas
  Ijyb (D:5)
  7 orc wizards
  10 gnolls
  12 adders
  2 shadow imps
  An ufetubus (D:5)
  4 dart slugs
  2 worms
  23 orcs
  8 ball pythons
  4 endoplasms
  6 giant cockroaches
  8 goblins
  8 hobgoblins
  3 jackals (D:1)
  8 kobolds
  2 quokkas
  5 bats
  4 frilled lizards
  A rat (D:2)
198 creatures vanquished.

Vanquished Creatures (others)
  11 fungi
  10 plants
21 creatures vanquished.

Grand Total: 219 creatures vanquished

Notes
Turn   | Place    | Note
-------+----------+-------------------------------------------
     0 | D:1      | qw the Troll Cinder Acolyte began the quest for the Orb.
     0 | D:1      | Reached XP level 1. HP: 22/22 MP: 1/1
     0 | D:1      | 0 ||| qw: Version: 0.1-a-97-g2dd2ca4
     0 | D:1      | 0 ||| qw: Game counter: 4656
     0 | D:1      | 0 ||| qw: Always use a shield: true
     0 | D:1      | 0 ||| qw: God list: Okawaru
     0 | D:1      | 0 ||| qw: Allow faded altars: false
     0 | D:1      | 0 ||| qw: Do Orc after D:15 true
     0 | D:1      | 0 ||| qw: Do second Lair branch before Depths: true
     0 | D:1      | 0 ||| qw: Lair rune preference: random
     0 | D:1      | 0 ||| qw: Plans: Normal
     0 | D:1      | 0 ||| PLANNING D:1-11
    33 | D:1      | 33 ||| Stepping ~*~*~tactically~*~*~ (stealth).
    34 | D:1      | 34 ||| Stepping ~*~*~tactically~*~*~ (stealth).
    39 | D:1      | 39 ||| Stepping ~*~*~tactically~*~*~ (stealth).
    43 | D:1      | 43 ||| Stepping ~*~*~tactically~*~*~ (stealth).
    64 | D:1      | Reached XP level 2. HP: 29/29 MP: 2/2
    70 | D:1      | Found a faded altar of an unknown god.
   166 | D:1      | 166 ||| Stepping ~*~*~tactically~*~*~ (stealth).
   181 | D:1      | Reached skill level 4 in Unarmed Combat
   190 | D:1      | 190 ||| Stepping ~*~*~tactically~*~*~ (stealth).
   250 | D:1      | You fall into a shaft and drop 1 floor!
   251 | D:2      | 251 ||| UPGRADING to ring of positive energy.
   252 | D:2      | 252 ||| READING scroll labelled BARHAC JUNWEIW.
   253 | D:2      | 253 ||| READING scroll labelled YSAUMERGHIE.
   291 | D:1      | Reached XP level 3. HP: 36/36 MP: 3/3
   974 | D:1      | 974 ||| READING scroll labelled MOATUI DIFFEON.
  1022 | D:2      | 1022 ||| STAIRDANCE
  1045 | D:2      | 1045 ||| STAIRDANCE
  1047 | D:1      | 1047 ||| Stepping ~*~*~tactically~*~*~ (outnumbered).
  1049 | D:1      | 1049 ||| Stepping ~*~*~tactically~*~*~ (outnumbered).
  1050 | D:1      | 1050 ||| Stepping ~*~*~tactically~*~*~ (outnumbered).
  1051 | D:1      | 1051 ||| Stepping ~*~*~tactically~*~*~ (outnumbered).
  1052 | D:1      | 1052 ||| Stepping ~*~*~tactically~*~*~ (outnumbered).
  1053 | D:1      | 1053 ||| INVOKING Fiery Armour.
  1123 | D:2      | 1123 ||| Stepping ~*~*~tactically~*~*~ (stealth).
  1124 | D:2      | 1124 ||| Stepping ~*~*~tactically~*~*~ (stealth).
  1138 | D:2      | Reached skill level 5 in Unarmed Combat
  1138 | D:2      | Reached XP level 4. HP: 44/44 MP: 4/4
  1198 | D:2      | Found a shadowy altar of Dithmenos.
  1237 | D:2      | 1237 ||| Stepping ~*~*~tactically~*~*~ (outnumbered).
  1238 | D:2      | 1238 ||| Stepping ~*~*~tactically~*~*~ (outnumbered).
  1240 | D:2      | 1240 ||| Stepping ~*~*~tactically~*~*~ (outnumbered).
  1241 | D:2      | 1241 ||| Stepping ~*~*~tactically~*~*~ (outnumbered).
  1242 | D:2      | 1242 ||| Stepping ~*~*~tactically~*~*~ (outnumbered).
  1244 | D:2      | 1244 ||| Stepping ~*~*~tactically~*~*~ (outnumbered).
  1245 | D:2      | 1245 ||| Stepping ~*~*~tactically~*~*~ (outnumbered).
  1246 | D:2      | 1246 ||| Stepping ~*~*~tactically~*~*~ (outnumbered).
  1616 | D:2      | 1616 ||| READING 2 scrolls labelled FAGIANK ETOBUA.
  1913 | D:3      | Reached XP level 5. HP: 50/50 MP: 5/5
  2201 | D:3      | 2201 ||| Stepping ~*~*~tactically~*~*~ (stealth).
  2225 | D:3      | Found an ancient bone altar of Kikubaaqudgha.
  2232 | D:3      | Found an opulent altar of Gozag.
  2235 | D:3      | Found a shadowy altar of Dithmenos.
  2340 | D:3      | 2340 ||| READING scroll labelled OTUYD KEON.
  2341 | D:3      | 2341 ||| DRINKING 2 fuming coppery potions.
  2342 | D:3      | 2342 ||| READING 10 scrolls of identify.
  2342 | D:3      | 2342 ||| IDENTIFYING inky potion
  2343 | D:3      | 2343 ||| READING 9 scrolls of identify.
  2343 | D:3      | 2343 ||| IDENTIFYING bubbling red potion
  2344 | D:3      | 2344 ||| READING 8 scrolls of identify.
  2344 | D:3      | 2344 ||| IDENTIFYING fizzy emerald potion
  2345 | D:3      | 2345 ||| READING 7 scrolls of identify.
  2345 | D:3      | 2345 ||| IDENTIFYING bubbling brown potion
  2346 | D:3      | 2346 ||| READING 6 scrolls of identify.
  2346 | D:3      | 2346 ||| IDENTIFYING glowing sapphire potion
  2347 | D:3      | 2347 ||| DROPPING potion of flight.
  2348 | D:3      | 2348 ||| DROPPING potion of ambrosia.
  2403 | D:4      | Reached skill level 6 in Unarmed Combat
  2441 | D:4      | Identified the +3 robe "Bisu Pown" {rF+}
  2444 | D:4      | 2444 ||| Stepping ~*~*~tactically~*~*~ (stealth).
  2448 | D:4      | 2448 ||| INVOKING Fiery Armour.
  2449 | D:4      | 2449 ||| Stepping ~*~*~tactically~*~*~ (stealth).
  2451 | D:4      | 2451 ||| Stepping ~*~*~tactically~*~*~ (stealth).
  2458 | D:4      | 2458 ||| Stepping ~*~*~tactically~*~*~ (stealth).
  2461 | D:4      | 2461 ||| Stepping ~*~*~tactically~*~*~ (hiding).
  2471 | D:4      | Reached XP level 6. HP: 59/59 MP: 6/6
  2620 | D:4      | 2620 ||| Stepping ~*~*~tactically~*~*~ (stealth).
  2623 | D:4      | Reached skill level 1 in Throwing
  2771 | D:4      | 2771 ||| UPGRADING to +3 robe "Bisu Pown" {rF+}.
  2781 | D:4      | 2781 ||| DROPPING +0 robe.
  2782 | D:4      | 2782 ||| DROPPING ring of wizardry.
  2783 | D:4      | 2783 ||| READING 2 scrolls labelled IRROAM WOEXAC.
  2787 | D:4      | 2787 ||| READING scroll labelled GETAQUINIYP.
  2788 | D:4      | 2788 ||| READING scroll labelled ISKOOVVYET.
  2789 | D:4      | 2789 ||| READING 6 scrolls of identify.
  2789 | D:4      | 2789 ||| IDENTIFYING clear potion
  2790 | D:4      | 2790 ||| READING 5 scrolls of identify.
  2790 | D:4      | 2790 ||| IDENTIFYING sedimented silvery potion
  2791 | D:4      | 2791 ||| DROPPING potion of lignification.
  2802 | D:5      | Entered Level 5 of the Dungeon
  2834 | D:5      | Noticed Grinder
  2835 | D:5      | 2835 ||| Stepping ~*~*~tactically~*~*~ (hiding).
  2847 | D:5      | Killed Grinder
  2848 | D:5      | Reached skill level 3 in Throwing
  2883 | D:5      | Reached XP level 7. HP: 66/66 MP: 7/7
  2941 | D:5      | Noticed Ijyb
  2942 | D:5      | 2942 ||| Stepping ~*~*~tactically~*~*~ (hiding).
  2946 | D:5      | Killed Ijyb
  2947 | D:5      | Reached skill level 7 in Unarmed Combat
  2947 | D:5      | 2947 ||| Stepping ~*~*~tactically~*~*~ (stealth).
  2950 | D:5      | 2950 ||| Stepping ~*~*~tactically~*~*~ (stealth).
  2962 | D:5      | 2962 ||| Stepping ~*~*~tactically~*~*~ (hiding).
  2963 | D:5      | 2963 ||| Stepping ~*~*~tactically~*~*~ (hiding).
  2965 | D:5      | 2965 ||| DRINKING potion of curing.
  2965 | D:5      | 2965 ||| (to cure confusion)
  2966 | D:5      | 2966 ||| Stepping ~*~*~tactically~*~*~ (outnumbered).
  2973 | D:5      | 2973 ||| Stepping ~*~*~tactically~*~*~ (outnumbered).
  3027 | D:5      | Reached skill level 8 in Unarmed Combat
  3027 | D:5      | 3027 ||| Stepping ~*~*~tactically~*~*~ (hiding).
  3056 | D:5      | 3056 ||| Stepping ~*~*~tactically~*~*~ (hiding).
  3118 | D:5      | 3118 ||| Stepping ~*~*~tactically~*~*~ (hiding).
  3125 | D:5      | Reached skill level 3 in Fighting
  3224 | D:5      | 3224 ||| Stepping ~*~*~tactically~*~*~ (stealth).
  3226 | D:5      | 3226 ||| Stepping ~*~*~tactically~*~*~ (hiding).
  3245 | D:5      | 3245 ||| Stepping ~*~*~tactically~*~*~ (outnumbered).
  3246 | D:5      | 3246 ||| Stepping ~*~*~tactically~*~*~ (outnumbered).
  3337 | D:5      | 3337 ||| Stepping ~*~*~tactically~*~*~ (hiding).
  3812 | D:5      | 3812 ||| READING 5 scrolls of identify.
  3812 | D:5      | 3812 ||| IDENTIFYING golden potion
  3813 | D:5      | 3813 ||| DROPPING potion of invisibility.
  3872 | D:6      | Noticed Eustachio
  3873 | D:6      | 3873 ||| Stepping ~*~*~tactically~*~*~ (hiding).
  3894 | D:6      | 3894 ||| Stepping ~*~*~tactically~*~*~ (outnumbered).
  3902 | D:6      | 3902 ||| Stepping ~*~*~tactically~*~*~ (outnumbered).
  3904 | D:6      | 3904 ||| Stepping ~*~*~tactically~*~*~ (outnumbered).
  3922 | D:6      | Reached XP level 8. HP: 73/75 MP: 8/8
  3924 | D:6      | 3924 ||| Stepping ~*~*~tactically~*~*~ (hiding).
  3926 | D:6      | 3926 ||| Stepping ~*~*~tactically~*~*~ (hiding).
  3930 | D:6      | 3930 ||| INVOKING Fiery Armour.
  3931 | D:6      | 3931 ||| Stepping ~*~*~tactically~*~*~ (outnumbered).
  3932 | D:6      | 3932 ||| Stepping ~*~*~tactically~*~*~ (outnumbered).
  3939 | D:6      | Killed Eustachio
  3940 | D:6      | Reached skill level 9 in Unarmed Combat
  3940 | D:6      | 3940 ||| Stepping ~*~*~tactically~*~*~ (stealth).
  3947 | D:6      | Reached skill level 1 in Dodging
  4100 | D:6      | Found a glowing golden altar of the Shining One.
  4102 | D:6      | Noticed an angel
  4194 | D:6      | Found a basalt altar of Yredelemnul.
  4204 | D:6      | Reached skill level 10 in Unarmed Combat
  4357 | D:6      | 4357 ||| Stepping ~*~*~tactically~*~*~ (hiding).
  4476 | D:6      | Found a sacrificial altar of Ru.
  4478 | D:6      | 4478 ||| Stepping ~*~*~tactically~*~*~ (hiding).
  4605 | D:6      | Found a staircase to the Ecumenical Temple.
  4758 | D:6      | Noticed Menkaure
  4766 | D:6      | 4766 ||| INVOKING Fiery Armour.
  4768 | D:6      | Killed Menkaure
  4769 | D:6      | Reached XP level 9. HP: 26/84 MP: 9/9
  4769 | D:6      | 4769 ||| FLEEEEING.
  4770 | D:6      | 4770 ||| FLEEEEING.
  4771 | D:6      | 4771 ||| FLEEEEING.
  4772 | D:6      | 4772 ||| FLEEEEING.
  4773 | D:6      | 4773 ||| FLEEEEING.
  4774 | D:6      | 4774 ||| FLEEEEING.
  4775 | D:6      | 4775 ||| FLEEEEING.
  4776 | D:6      | 4776 ||| FLEEEEING.
  4777 | D:6      | 4777 ||| FLEEEEING.
  4778 | D:6      | 4778 ||| FLEEEEING.
  4779 | D:6      | 4779 ||| FLEEEEING.
  4780 | D:6      | 4780 ||| FLEEEEING.
  4781 | D:6      | 4781 ||| FLEEEEING.
  4782 | D:6      | 4782 ||| FLEEEEING.
  4783 | D:6      | 4783 ||| FLEEEEING.
  4784 | D:6      | 4784 ||| FLEEEEING.
  4785 | D:6      | 4785 ||| FLEEEEING.
  4786 | D:6      | 4786 ||| FLEEEEING.
  4787 | D:6      | 4787 ||| FLEEEEING.
  4788 | D:6      | 4788 ||| FLEEEEING.
  4789 | D:6      | 4789 ||| FLEEEEING.
  4790 | D:6      | 4790 ||| STAIRDANCE
  4824 | D:5      | 4824 ||| READING 4 scrolls of identify.
  4824 | D:5      | 4824 ||| IDENTIFYING purple potion
  4825 | D:5      | 4825 ||| DROPPING potion of magic.
  5055 | D:6      | 5055 ||| UPGRADING to +0 cloak.
  5060 | D:6      | 5060 ||| READING scroll of teleportation.
  5190 | D:7      | Found a radiant altar of Vehumet.
  5206 | D:7      | Reached skill level 11 in Unarmed Combat
  5238 | D:7      | 5238 ||| INVOKING Fiery Armour.
  5240 | D:7      | HP: 21/84 [phantom (5)]
  5245 | D:7      | HP: 13/84 [poisoned by a water moccasin]
  5250 | D:7      | HP: 12/84 [poisoned by a water moccasin]
  5324 | D:7      | Found a hide-covered altar of Uskayaw.
  5362 | D:7      | 5362 ||| Stepping ~*~*~tactically~*~*~ (stealth).
  5414 | D:7      | Found an iron altar of Okawaru.
  5430 | D:7      | 5430 ||| Stepping ~*~*~tactically~*~*~ (stealth).
  5691 | D:7      | Noticed a deep elf pyromancer
  5828 | D:7      | Found a transporter.
  5828 | D:7      | Found a transporter.
  5833 | D:7      | Identified the +8 plate armour of Gozag's Approval {rElec
                  | rN+ Regen+ Dex-4}
  5840 | D:7      | 5840 ||| READING scroll labelled ZIHEUTS XIYPH.
  5866 | D:8      | Noticed Erica
  5867 | D:8      | 5867 ||| INVOKING Fiery Armour.
  5870 | D:8      | 5870 ||| Stepping ~*~*~tactically~*~*~ (outnumbered).
  5871 | D:8      | 5871 ||| Stepping ~*~*~tactically~*~*~ (outnumbered).
  5872 | D:8      | 5872 ||| Stepping ~*~*~tactically~*~*~ (outnumbered).
  5873 | D:8      | 5873 ||| DRINKING 3 potions of curing.
  5873 | D:8      | 5873 ||| (to cure confusion)
  5885 | D:8      | Killed Erica
  5886 | D:8      | Reached skill level 12 in Unarmed Combat
  5934 | D:8      | Identified the ring of Laraalosk {Will+ Str+2}
  5968 | D:8      | 5968 ||| Stepping ~*~*~tactically~*~*~ (stealth).
  5970 | D:8      | 5970 ||| INVOKING Fiery Armour.
  5985 | D:8      | 5985 ||| Stepping ~*~*~tactically~*~*~ (outnumbered).
  5986 | D:8      | 5986 ||| Stepping ~*~*~tactically~*~*~ (outnumbered).
  5988 | D:8      | Reached XP level 10. HP: 65/96 MP: 10/10
  6058 | D:8      | Found Olek's Antique Weapon Emporium.
  6154 | D:8      | Found a runed translucent door.
  6222 | D:8      | Noticed qw's ghost (novice TrCA)
  6433 | D:8      | Found a staircase to the Lair.
  6443 | D:8      | 6443 ||| Stepping ~*~*~tactically~*~*~ (outnumbered).
  6445 | D:8      | 6445 ||| Stepping ~*~*~tactically~*~*~ (outnumbered).
  6454 | D:8      | 6454 ||| Stepping ~*~*~tactically~*~*~ (outnumbered).
  6456 | D:8      | 6456 ||| Stepping ~*~*~tactically~*~*~ (outnumbered).
  6457 | D:8      | 6457 ||| Stepping ~*~*~tactically~*~*~ (outnumbered).
  6458 | D:8      | 6458 ||| Stepping ~*~*~tactically~*~*~ (outnumbered).
  6714 | D:8      | 6714 ||| UPGRADING to ring of Laraalosk {Will+ Str+2}.
  6715 | D:8      | 6715 ||| PLANNING LAIR
  6715 | D:8      | 6715 ||| READING 3 scrolls of identify.
  6715 | D:8      | 6715 ||| IDENTIFYING bubbling puce potion
  6716 | D:8      | 6716 ||| READING 2 scrolls of identify.
  6716 | D:8      | 6716 ||| IDENTIFYING green potion
  6717 | D:8      | 6717 ||| DROPPING potion of berserk rage.
  6736 | Lair:1   | Entered Level 1 of the Lair of Beasts
  6741 | Lair:1   | 6741 ||| Stepping ~*~*~tactically~*~*~ (stealth).
  6755 | Lair:1   | Reached skill level 13 in Unarmed Combat
  6756 | Lair:1   | 6756 ||| INVOKING Fiery Armour.
  6759 | Lair:1   | 6759 ||| Stepping ~*~*~tactically~*~*~ (outnumbered).
  6760 | Lair:1   | 6760 ||| Stepping ~*~*~tactically~*~*~ (outnumbered).
  6762 | Lair:1   | Reached skill level 1 in Armour
  6850 | Lair:1   | 6850 ||| Stepping ~*~*~tactically~*~*~ (stealth).
  6876 | Lair:1   | 6876 ||| INVOKING Fiery Armour.
  6881 | Lair:1   | 6881 ||| Stepping ~*~*~tactically~*~*~ (outnumbered).
  6882 | Lair:1   | 6882 ||| Stepping ~*~*~tactically~*~*~ (outnumbered).
  6884 | Lair:1   | 6884 ||| Stepping ~*~*~tactically~*~*~ (outnumbered).
  6885 | Lair:1   | 6885 ||| Stepping ~*~*~tactically~*~*~ (outnumbered).
  6886 | Lair:1   | 6886 ||| Stepping ~*~*~tactically~*~*~ (outnumbered).
  6887 | Lair:1   | 6887 ||| Stepping ~*~*~tactically~*~*~ (outnumbered).
  6889 | Lair:1   | 6889 ||| Stepping ~*~*~tactically~*~*~ (outnumbered).
  6890 | Lair:1   | 6890 ||| Stepping ~*~*~tactically~*~*~ (outnumbered).
  6891 | Lair:1   | 6891 ||| Stepping ~*~*~tactically~*~*~ (outnumbered).
  6892 | Lair:1   | 6892 ||| Stepping ~*~*~tactically~*~*~ (outnumbered).
  6893 | Lair:1   | 6893 ||| Stepping ~*~*~tactically~*~*~ (outnumbered).
  6894 | Lair:1   | 6894 ||| Stepping ~*~*~tactically~*~*~ (outnumbered).
  6907 | Lair:1   | Reached skill level 14 in Unarmed Combat
  6914 | Lair:1   | HP: 20/96 [blink frog (7)]
  6915 | Lair:1   | 6915 ||| READING 2 scrolls of teleportation.
  6915 | Lair:1   | HP: 5/96 [blink frog (8)]
  6916 | Lair:1   | 6916 ||| DRINKING potion of heal wounds.
  6918 | Lair:1   | Reached skill level 6 in Fighting
  7007 | Lair:1   | 7007 ||| Stepping ~*~*~tactically~*~*~ (outnumbered).
  7010 | Lair:1   | Noticed a cane toad
  7011 | Lair:1   | 7011 ||| INVOKING Fiery Armour.
  7011 | Lair:1   | Noticed a cane toad
  7023 | Lair:1   | Killed a cane toad
  7024 | Lair:1   | Reached XP level 11. HP: 102/105 MP: 11/11
  7030 | Lair:1   | Noticed a boulder beetle
  7031 | Lair:1   | 7031 ||| Stepping ~*~*~tactically~*~*~ (stealth).
  7034 | Lair:1   | 7034 ||| Stepping ~*~*~tactically~*~*~ (outnumbered).
  7036 | Lair:1   | 7036 ||| Stepping ~*~*~tactically~*~*~ (outnumbered).
  7037 | Lair:1   | 7037 ||| Stepping ~*~*~tactically~*~*~ (outnumbered).
  7037 | Lair:1   | HP: 24/105 [wolf (4)]
  7038 | Lair:1   | 7038 ||| READING scroll of teleportation.
  7039 | Lair:1   | HP: 4/105 [cane toad (13)]
  7040 | Lair:1   | 7040 ||| Stepping ~*~*~tactically~*~*~ (outnumbered).
  7040 | Lair:1   | Slain by a blink frog

Levels and vault maps discovered:
D:1:      wheals_arrival_linesprint, layout_basic,
          hellmonk_ecumenical_altar_run_dry, minmay_misc_feat_hallway,
          st_stairs_2, hangedman_abyss_or_decor_lesser_grid, minmay_ruptured
D:2:      layout_rooms, basic_altar, minmay_misc_feat_iff
D:3:      layout_basic, minmay_overflow_temple_star_quad, bh_walls_and_bars
D:4:      layout_rooms
D:5:      layout_basic, uniq_ijyb, uniq_grinder
D:6:      layout_basic, grunt_temple_overflow_holy_war,
          mainiacjoe_overflow_six_doors_small, lemuel_temple_firewalk_a,
          minmay_misc_feat_doors, kennysheep_cross_room,
          kennysheep_generic_room_3, uniq_menkaure, uniq_eustachio
D:7:      gammafunk_the_bubble [the_bubble_gammafunk_split], layout_basic,
          nicolae_uskayaw_dance_hall, mainiacjoe_overflow_tiny_flanked,
          nicolae_overflow_crystal_walls
D:8:      layout_gridville, grunt_lair_entry_orc_guard_hut, serial_shops,
          kennysheep_mini, gammafunk_ghost_grave, kennysheep_nub, uniq_erica
Lair:1:   layout_big_grid, grunt_forest_large_clearings, grunt_megastairs_1,
          infiniplex_staircase_pool_2

Skill      XL: |  1  2  3  4  5  6  7  8  9 10 |
---------------+-------------------------------+-----
Unarmed Combat | 4 5 6 8 10 12 14 | 14.4
Throwing       | 3 4 5 |  5.1
Fighting       | 3 4 5 6 |  6.1
Dodging        | 1 |  1.5
Armour         | 1 |  1.2
Spellcasting   | |  1.0
Fire Magic     | |  2.1

Action                   |  1- 3 |  4- 6 |  7- 9 | 10-12 || total
-------------------------+-------+-------+-------+-------++-------
Melee: Unarmed           |    97 |   119 |   245 |    99 ||   560
       Punch             |     1 |     1 |    10 |     2 ||    14
Throw: Large rock        |       |     7 |    30 |     7 ||    44
       Boomerang         |       |       |     3 |     7 ||    10
Invok: Fiery Armour      |     1 |     1 |     5 |     3 ||    10
  Use: Scroll            |     3 |    12 |     4 |     4 ||    23
       Potion            |       |     1 |     2 |     1 ||     4
Armor: Robe              |    27 |    34 |   113 |    79 ||   253
Dodge: Dodged            |    53 |    44 |   120 |    94 ||   311

Table legend:
 A = Non-vault XP
 B = Vault XP
 C = Vault XP percentage of total XP
 D = Non-vault monster count
 E = Vault monster count
 F = Vault count percentage of total count
                 A         B        C        D         E       F
            +---------+---------+-------+---------+---------+-------
      Total |    7246 |    3979 |  35.4 |     166 |      32 |  16.2
            +---------+---------+-------+---------+---------+-------
        D:1 |      66 |      10 |  13.2 |      28 |       6 |  17.6
        D:2 |     115 |       0 |   0.0 |      19 |       0 |   0.0
        D:3 |      34 |       0 |   0.0 |      12 |       0 |   0.0
        D:4 |     213 |       0 |   0.0 |      13 |       0 |   0.0
        D:5 |     632 |     310 |  32.9 |      27 |       2 |   6.9
        D:6 |    1241 |     478 |  27.8 |      20 |       3 |  13.0
        D:7 |     616 |       0 |   0.0 |      12 |       0 |   0.0
        D:8 |    1285 |    1433 |  52.7 |      20 |       6 |  23.1
     Lair:1 |    3044 |    1748 |  36.5 |      15 |      15 |  50.0
            +---------+---------+-------+---------+---------+-------
